 Dungeon Crawl Stone Soup version 0.31-a0-1074-g0b22e4e0f1 (webtiles) character file.

Game seed: 17157628519727065649

155 croobank the Digger (level 5, 0/45 HPs)
             Began as a Gargoyle Earth Elementalist on Nov 28, 2023.
             Was an Initiate of Vehumet.
             Slain by an iguana (4 damage)
             ... in the Ecumenical Temple.
             The game lasted 00:09:05 (2981 turns).

croobank the Digger (Gargoyle Earth Elementalist)   Turns: 2981, Time: 00:09:05

Health: 0/45       AC: 22    Str: 12    XL:     5   Next: 37%
Magic:  6/9        EV:  2    Int: 17    God:    Vehumet [......]
Gold:   116        SH:  0    Dex: 10    Spells: 8/9 levels left

rFire   . . .        (no weapon)
rCold   . . .        (no shield)
rNeg    + . .        a - melded +0 robe
rPois   ∞            (helmet currently unavailable)
rElec   .            (cloak currently unavailable)
rCorr   .            (gloves currently unavailable)
SInv    .            (boots currently unavailable)
Will    .....        (no amulet)
Stlth   ++           (no ring)
HPRegen 0.27/turn    (no ring)
MPRegen 0.11/turn

%: no passive effects
@: tree-form, on berserk cooldown, slowed, very slow
A: stationary, stasis, torment immunity, boosted hp, sickness immunity, AC +4,
negative energy resistance 1, (electricity resistance), torment resistance 1,
petrification resistance
a: Renounce Religion


You were in the Ecumenical Temple.
You worshipped Vehumet.
Vehumet was noncommittal.
You were a tree.
You visited 2 branches of the dungeon, and saw 5 of its levels.

You collected 116 gold pieces.

Inventory:

Missiles
 q - 7 poisoned darts
Armour
 a - a +0 robe (melded)
 g - a +0 ring mail
Scrolls
 c - a scroll of revelation {unknown}
 d - a scroll of amnesia {unknown}
 e - a scroll of brand weapon {unknown}
 h - a scroll of acquirement {unknown}
 i - 2 scrolls of enchant armour {unknown}
 m - a scroll of poison {unknown}
 n - a scroll of teleportation {unknown}
 o - 2 scrolls of vulnerability {unknown}
Potions
 b - 2 potions of magic
 j - a potion of lignification
 p - a potion of resistance {unknown}
 r - a potion of attraction {unknown}


   Skills:
 + Level 2.0 Fighting
 + Level 2.2 Dodging
 + Level 3.3 Stealth
 + Level 2.6 Spellcasting
 + Level 1.6 Transmutations
 + Level 4.3 Earth Magic


You had 8 spell levels left.
You knew the following spells:

 Your Spells              Type           Power      Damage    Failure   Level
a - Sandblast             Erth           34%        2d9       3%          1

Your spell library contained the following spells:

 Spells                   Type           Power      Damage    Failure   Level
 Passwall                 Tmut/Erth      10%        N/A       9%          2
 Stone Arrow              Conj/Erth      18%        3d8       22%         3
 Static Discharge         Conj/Air       4%         3-4/arc   26%         2
 Petrify                  Tmut/Erth      12%        N/A       47%         4
 Brom's Barrelling Bould  Conj/Erth      9%         2d3       58%         4
 Airstrike                Air            1%         2d(1-17)  87%         4
 Dispel Undead            Necr           2%         3d7       87%         4
 Summon Lightning Spire   Summ/Air       2%         N/A       87%         4
 Death Channel            Necr           1%         N/A       100%        6
 Simulacrum               Ice/Necr       1%         N/A       100%        6
 Ozocubu's Refrigeration  Ice            1%         4d7       100%        7
 Polar Vortex             Ice            1%         N/A       100%        9
 Cigotuvi's Dreadful Rot  Necr/Pois/Air  Unusable   N/A       N/A         2

Dungeon Overview and Level Annotations

Branches:
Dungeon (4/15)             Temple (1/1) D:4

Altars:
Ashenzari
Cheibriados
Dithmenos
Fedhas
Gozag
Hepliaklqana
Kikubaaqudgha
Makhleb
Nemelex Xobeh
Okawaru
Qazlal
Ru
Sif Muna
Trog
Uskayaw
Vehumet
Wu Jian
Xom
Zin
The Shining One


Innate Abilities, Weirdness & Mutations

You are a tree.
Your roots penetrate the ground, keeping you stationary.
You cannot be teleported.
You are immune to unholy pain and torment.
Your maximum health is greatly increased.
Your equipment is partially melded.
You are immune to sickness and miasma.
((Your stone body is resilient. (AC +4)))
You are immune to poison.
You resist negative energy. (rN+)
((You are resistant to electric shocks. (rElec)))
You are resistant to unholy torment.
You are immune to petrification.


Message History

Aiming: Sandblast (safe; 3% risk of failure)
Press: ? - help, Shift-Dir - straight line The blast of sand hits something but does no damage.
Something hits you but does no damage. The iguana completely misses you.
Something hits you but does no damage. The iguana completely misses you.
Something hits you but does no damage.
Casting: Sandblast (safe; 3% risk of failure)
Confirm with . or Enter, or press ? or * to list all spells.
Aiming: Sandblast (safe; 3% risk of failure)
Press: ? - help, Shift-Dir - straight line The blast of sand hits something.
The iguana bites you but does no damage.
You hear some strange, mumbled words.
Something tries to affect you, but you resist.
The iguana bites you.
* * * LOW HITPOINT WARNING * * *
Something hits you but does no damage.
The iguana bites you but does no damage.
Casting: Sandblast (safe; 3% risk of failure)
Confirm with . or Enter, or press ? or * to list all spells.
Aiming: Sandblast (safe; 3% risk of failure)
Press: ? - help, Shift-Dir - straight line An orc wizard appears from thin air!
Reactivating autopickup.
The orc wizard hits you but does no damage.
The iguana bites you!
* * * LOW HITPOINT WARNING * * *
The orc wizard hits you but does no damage.
The iguana bites you but does no damage.
Casting: Sandblast (safe; 3% risk of failure)
Confirm with . or Enter, or press ? or * to list all spells.
Aiming: Sandblast (safe; 3% risk of failure)
Press: ? - help, Shift-Dir - straight line, f - orc wizard
Aim: an orc wizard, wielding a +0 dagger and wearing a +0 robe (lightly wounded, 77% to hit)
The blast of sand hits the orc wizard!
You kill the orc wizard!
Vehumet accepts your kill.
The iguana bites you but does no damage.
The iguana bites you.
You die...

♣♣♣♣♣ ♣♣♣♣♣ ♣♣≈≈≈♣♣♣♣♣ ♣♣♣≈≈≈♣♣♣
≈≈≈≈≈≈≈≈≈♣♣♣ ♣♣♣≈≈≈≈≈≈≈♣♣
≈≈≈~~~≈≈~≈≈♣♣♣ ♣♣♣≈~~~≈≈≈≈≈≈♣♣
≈≈≈~....~≈~~~♣♣ ♣♣≈≈~~..~≈≈≈≈≈≈♣♣
≈≈≈~....~♣.~~~♣♣♣≈~~.§..~.~≈≈≈≈≈♣
≈≈~.~_..♣♣♣.....♣..♣..~._~.~~≈≈≈♣
♣≈~...~♣....~~~.l)...♣....~.~≈≈♣♣
♣♣♣≈.♣♣.._..~~........~♣~...~≈≈♣
♣♣.♣♣..~...~..♣..§_....♣...~♣♣
♣♣~.♣♣......♣♣.~..........♣♣
♣♣..♣♣.~._.♣♣.........._..♣
♣♣~~......§.♣.~<....~.....♣♣
♣♣≈≈~.......♣♣....§.._.....♣
♣♣≈≈≈.._.§..~....♣.♣.~~....♣♣


You could see an iguana.

Vanquished Creatures
  A hound (D:4)
  2 orc wizards
  4 adders
  A worm (D:4)
  4 orcs
  4 bats
  11 endoplasms
  6 hobgoblins
  3 kobolds
  3 quokkas
  8 ball pythons
  A frilled lizard (D:2)
  4 goblins
  3 rats
55 creatures vanquished.

Notes
Turn   | Place    | Note
-------+----------+-------------------------------------------
     0 | D:1      | croobank the Gargoyle Earth Elementalist began the quest
                  | for the Orb.
     0 | D:1      | Reached XP level 1. HP: 10/10 MP: 3/3
   128 | D:1      | Reached XP level 2. HP: 13/16 MP: 1/5
   134 | D:1      | Reached skill level 1 in Transmutations
   271 | D:1      | Found a faded altar of an unknown god.
   592 | D:1      | Reached XP level 3. HP: 20/20 MP: 4/6
   830 | D:2      | Reached skill level 1 in Fighting
  1229 | D:2      | Reached skill level 4 in Earth Magic
  1934 | D:3      | Found an ancient bone altar of Kikubaaqudgha.
  2093 | D:3      | Reached XP level 4. HP: 25/25 MP: 4/7
  2591 | D:4      | Reached XP level 5. HP: 30/30 MP: 6/8
  2763 | D:4      | Found a staircase to the Ecumenical Temple.
  2776 | Temple   | Entered the Ecumenical Temple
  2786 | Temple   | Became a worshipper of Vehumet
  2975 | Temple   | HP: 2/45 [iguana (3)]
  2981 | Temple   | Slain by an iguana

Illustrated notes

Levels and vault maps discovered:
D:1:      pf_arrival_petrified_forest, layout_basic,
          nicolae_ecumenical_snake_handling, minmay_statues_item,
          minmay_misc_feat_square
D:2:      layout_basic
D:3:      layout_rooms, mainiacjoe_overflow_alcove_1
D:4:      minmay_diamond_boxcup, layout_basic, kennysheep_mini,
          lemuel_mausoleum_altar_yredelemnul, minmay_temple_entry_sparse_star,
          minmay_misc_feat_diagonals
Temple:   nicolae_temple_bog_church

Skill      XL: |  1  2  3  4  5 |
---------------+----------------+-----
Transmutations | 1 |  1.6
Fighting       | 1 2 |  2.0
Dodging        | 2 |  2.2
Earth Magic    | 4 |  4.3
Stealth        | 3 |  3.3
Spellcasting   | |  2.6

Action                     |  1- 3 |  4- 6 || total
---------------------------+-------+-------++-------
  Melee: Unarmed           |    54 |    12 ||    66
   Cast: Sandblast         |    59 |    27 ||    86
    Use: Scroll            |       |     3 ||     3
         Potion            |       |     5 ||     5
   Stab: Sleeping          |     3 |     1 ||     4
         Distracted        |     1 |       ||     1
 Armour: Robe              |    53 |    31 ||    84
         Skin              |       |    21 ||    21
  Dodge: Dodged            |    68 |    24 ||    92

Table legend: (Time is in decaauts)
 A = Elapsed time spent in this place.
 B = Non-inter-level travel time spent in this place.
 C = Inter-level travel time spent in this place.
 D = Time resting spent in this place.
 E = Time spent auto-exploring this place.
 F = Levels seen in this place.
 G = Mean time per level.
                   A        B        C        D        E       F      G
               +--------+--------+--------+--------+--------+-----+--------+
         Total |   3029 |   2975 |     54 |    713 |   1678 |   5 |  605.8 |
       Dungeon |   2824 |   2789 |     35 |    577 |   1678 |   4 |  706.0 |
        Temple |    205 |    186 |     19 |    136 |      0 |   1 |  205.0 |
               +--------+--------+--------+--------+--------+-----+--------+

Top non-repeatable levels by time:
     D:2: 1113 daAuts
     D:1: 800 daAuts
     D:3: 617 daAuts
     D:4: 292 daAuts
  Temple: 205 daAuts
